AoeStats
← _atheris_

Arabia

510635979Analyzed
1v1 RM · 18h ago on Oct 1, 2026· 30m 47s· 2 players
Game mode
Random Map
Map size
Tiny (2 player)
Population
200
Speed
Normal
Resources
Standard
Victory
Conquest
Starting age
Dark Age
Ending age
Imperial Age
RankedLock teamsTeams togetherTeam positionsShared explorationLock speedFull tech treeHidden civsTurbo modeCheats
Victory
Defeat
🇦🇷 Armenians · Argentina
981
+15
🇨🇱 Magyars · Chile
953
-15
_atheris_
10:52 Feudal Age
15:17 Fletching
26:47 Padded Archer Armor
30:52 Castle Age
Marcos
9:13 Loom
12:28 Feudal Age
12:34 Man-at-Arms
16:10 Double-Bit Axe
16:15 Long Swordsman
17:32 Fletching
17:43 Scale Mail Armor
18:48 Padded Archer Armor
19:23 Arson
20:21 Horse Collar
22:58 Pikeman
28:06 Castle Age
29:13 Two-Handed Swordsman
29:38 Gambesons
29:40 Elite Skirmisher
Connection lost

Rejoining the realm…

Still unreachable

The connection could not be restored.

Session expired

The server has moved on; the page needs a fresh start.